 Dungeon Crawl Stone Soup version 0.15-a0-1119-g9b3a599 (webtiles) character file.

8821 Amnesiac the Bludgeoner (level 11, -6/108 HPs)
             Began as an Ogre Skald on May 28, 2014.
             Was the Champion of Jiyva.
             Killed from afar by Erica (11 damage)
             ... with a bolt of poison
             ... on Level 11 of the Dungeon.
             The game lasted 00:33:53 (11688 turns).

Amnesiac the Bludgeoner (Ogre Skald)               Turns: 11688, Time: 00:33:53

HP  -6/108       AC  5     Str  9      XL: 11   Next: 36%
MP  22/22        EV 10     Int 14      God: Jiyva [******]
Gold 502         SH  0     Dex 19      Spells:  3 memorised,  9 levels left

rFire  . . .     SeeInvis .     a - +0 giant club
rCold  . . .     Clarity  .     b - +0 robe
rNeg   . . .     rCorr    +     (shield restricted)
rPois  .         rRot     .     (helmet restricted)
rElec  .         Spirit   .     (no cloak)
SustAb .         Warding  .     (gloves unavailable)
rMut   .         Stasis   +     (boots unavailable)
Gourm  .                        E - amulet of stasis
MR     +....                    z - ring of wizardry
                                P - +1 ring of protection

@: lethally poisoned, somewhat resistant to hostile enchantments, unstealthy
A: unfitting armour, antennae 1, rugged brown scales 1, high mp 1, mutation
resistance 1, robust 1, slow metabolism 1, tough skin 1
a: Request Jelly, Jelly Paralyse, Slimify, Cure Bad Mutation, Renounce Religion


You were on level 11 of the Dungeon.
You worshipped Jiyva.
Jiyva was exalted by your worship.
You were completely stuffed.

You visited 2 branches of the dungeon, and saw 12 of its levels.
You also visited: Ossuary.

You collected 502 gold pieces.

Inventory:

Hand weapons
 a - a +0,+0 giant club (weapon)
 t - a +0,+0 dire flail
Missiles
 G - 11 large rocks (quivered)
Armour
 b - a +0 robe (worn)
Magical devices
 q - a wand of lightning (7)
 w - a wand of random effects (8)
 H - a wand of lightning (5)
 Q - a wand of polymorph (14)
 X - a wand of flame (11) {unknown}
Comestibles
 k - a beef jerky
 I - 5 meat rations
 M - 7 bread rations
 N - 5 slices of pizza
 W - 6 fruits
Scrolls
 j - a scroll of blinking
 n - 8 scrolls of remove curse
 r - 6 scrolls of identify
 C - a scroll of magic mapping
 D - 2 scrolls of enchant weapon I
 J - a scroll of enchant weapon II
 K - 2 scrolls of teleportation
 L - 2 scrolls of fear {unknown}
 T - a scroll of enchant weapon III {unknown}
 U - a scroll of random uselessness {unknown}
 V - a scroll of immolation {unknown}
 Y - a scroll of acquirement {unknown}
 Z - a scroll of brand weapon {unknown}
Jewellery
 i - an uncursed amulet of guardian spirit
 z - a ring of wizardry (right hand)
 E - an amulet of stasis (around neck)
 P - a +1 ring of protection (left hand)
Potions
 d - 3 potions of haste {unknown}
 e - 4 potions of poison
 f - 2 potions of heal wounds {unknown}
 g - a potion of magic
 h - 2 potions of restore abilities
 l - 10 potions of curing
 m - a potion of brilliance {unknown}
 o - a potion of mutation
 p - 4 potions of agility
 s - a potion of confusion {unknown}
 u - a potion of cure mutation
 x - a potion of lignification
 S - a potion of experience {unknown}
Books
 c - a book of Battle

   Spells                             Type                      Level
   *Infusion                          Charms                       1
   Shroud of Golubria                 Charms/Translocation         2
   Song of Slaying                    Charms                       2
   *Spectral Weapon                   Hexes/Charms                 3
   *Regeneration                      Charms/Necromancy            3
 v - a book of Conjurations

   Spells                             Type                      Level
   Magic Dart                         Conjuration                  1
   Searing Ray                        Conjuration                  2
   Dazzling Spray                     Conjuration/Hexes            3
   Fulminant Prism                    Conjuration/Hexes            4
   Iskenderun's Mystic Blast          Conjuration                  4
   Iskenderun's Battlesphere          Conjuration/Charms           5
 O - a book of Air

   Spells                             Type                      Level
   Shock                              Conjuration/Air              1
   Swiftness                          Charms/Air                   2
   Repel Missiles                     Charms/Air                   2
   Flight                             Charms/Air                   3
   Static Discharge                   Conjuration/Air              3
   Lightning Bolt                     Conjuration/Air              5
 R - the Catalogue of Air and Moulding
   (You found it on level 9 of the Dungeon)

   Spells                             Type                      Level
   Shock                              Conjuration/Air              1
   Repel Missiles                     Charms/Air                   2
   Spider Form                        Transmutation/Poison         3
   Summon Lightning Spire             Summoning/Air                4
   Silence                            Hexes/Air                    5
   Blade Hands                        Transmutation                5
Magical staves
 y - an uncursed staff of air
 A - an uncursed staff of earth {unknown}


   Skills:
 - Level 2.6 Fighting
 + Level 19.5 Maces & Flails
 - Level 1.3 Dodging
 - Level 3.1 Spellcasting
 - Level 4.5 Charms


You had 9 spell levels left.
You knew the following spells:

 Your Spells              Type           Power        Failure   Level  Hunger
b - Spectral Weapon       Hex/Chrm       #.......     10%         3    ###....
e - Infusion              Chrm           ##....       1%          1    #......
r - Regeneration          Chrm/Necr      #.........   10%         3    ###....


Dungeon Overview and Level Annotations

Branches:
Dungeon (11/15)            Temple (0/1) D:7             Orc (0/4) D:11
   Lair (1/8) D:9

Altars:
Cheibriados
Elyvilon
Fedhas
Kikubaaqudgha
Okawaru
Qazlal
Sif Muna
The Shining One
Jiyva

Shops:
D:5 [   D:11 [

Annotations:
D:11 Erica


Innate Abilities, Weirdness & Mutations

You are too large for most types of armour.
You have tough skin (AC +1).
You have a pair of small antennae on your head.
You are partially covered in rugged brown scales (AC +1, +3% HP).
You have an increased reservoir of magic (+10% MP).
You are somewhat resistant to further mutation.
You are robust (+10% HP).
You have a slow metabolism.


Message History

It was a potion of poison.
* * * LOW HITPOINT WARNING * * *
You feel sick.
Drink which item? (? for menu, Esc to quit)
You feel better. Something hits you.
* * * LOW HITPOINT WARNING * * *
Something burns you.
* * * LOW HITPOINT WARNING * * *
Drink which item? (? for menu, Esc to quit)
Okay, then.
Read which item? (? for menu, Esc to quit)
You cannot teleport right now.
Something hits you.
* * * LOW HITPOINT WARNING * * *
Something burns you.
* * * LOW HITPOINT WARNING * * *
You hear some strange, mumbled words.
The bolt of poison hits you!
You are lethally poisoned!
You die...

.......# . ......# ...
#.....#### ....##
#......#.##
......####........##
..........#.).......#
.........{...).)....## ##
......##.........##...#.##
.... #.o@.....### .#...#
.. #..........# ......
.............##......#
.......J...............#
....................#.##
..................##
.........#>.....##
...............#
......#....##


You could see an orc and a friendly azure jelly.

Vanquished Creatures
  A silver statue (D:10)
  A hill giant (D:10)
  A black mamba (Lair:1)
  An orange demon (D:10)
  2 komodo dragons
  A merfolk (D:9)
  A basilisk (Lair:1)
  5 yaks (D:10)
  A shadow (D:11)
  Eustachio (D:7)
  2 hill giant zombies
  A hungry ghost (D:7)
  Menkaure (D:7)
  3 water moccasins (Lair:1)
  3 ice beasts
  A porcupine (Lair:1)
  The ghost of Bloax the Slasher, an average MiFi (D:3)
  3 black bears (D:9)
  5 orc warriors
  2 centaurs
  3 ogres
  A giant slug (Lair:1)
  4 giant frogs
  A crocodile (Lair:1)
  A cyclops zombie (D:10)
  The ghost of Amnesiac the Cudgeler, a weakling OgEn (D:4)
  16 scorpions
  6 wights
  6 crimson imps
  5 centaur zombies (Ossuary)
  2 jellies (D:6)
  2 goliath beetles
  3 hounds
  2 big fish (D:9)
  A human zombie (Ossuary)
  5 orc wizards
  4 iguanas
  9 worker ants
  An ogre zombie (D:8)
  Jessica (D:3)
  A big kobold zombie (Ossuary)
  3 mummies (Ossuary)
  2 worker ant zombies
  A gnoll (D:6)
  An orc zombie (D:4)
  8 scorpion zombies (Ossuary)
  4 giant mites
  7 adders
  21 green rats
  2 shadow imps
  An inept feature mimic (Ossuary)
  An inept item mimic (D:8)
  3 worms
  A goliath beetle zombie (D:7)
  An iguana skeleton (D:5)
  2 giant geckos
  3 oozes
  31 orcs
  A bat skeleton (D:8)
  A gnoll zombie (Ossuary)
  13 hobgoblins
  8 jackals
  12 kobolds
  3 quokkas
  14 bats
  3 giant cockroaches
  4 giant newts
  10 goblins
  A goblin skeleton (D:5)
  A goblin zombie (Ossuary)
  2 hobgoblin skeletons
  A hobgoblin zombie (Ossuary)
  A kobold skeleton (D:5)
  2 kobold zombies (Ossuary)
  65 rats
346 creatures vanquished.

Vanquished Creatures (others)
  Prince Ribbit (D:7)
  A wraith (D:10)
  A hungry ghost (D:7)
  A yak (D:10)
  An ice beast (D:7)
  2 centaurs (D:9)
  A big kobold (D:7)
  6 giant frogs
  3 killer bees (D:10)
  14 jellies
  An orc priest (D:10)
  2 worker ants
  5 adders
  8 spectral weapons
  6 orcs
  A giant cockroach (D:2)
  2 goblins
  2 hobgoblins
  8 jackals
  7 kobolds
  2 quokkas
  5 bats
  3 rats
  A plant (D:9)
84 creatures vanquished.

Grand Total: 430 creatures vanquished

Notes
Turn   | Place    | Note
--------------------------------------------------------------
     0 | D:1      | Amnesiac, the Ogre Skald, began the quest for the Orb.
     0 | D:1      | Reached XP level 1. HP: 22/22 MP: 3/3
    11 | D:1      | Reached skill level 3 in Maces & Flails
   333 | D:1      | Reached XP level 2. HP: 25/29 MP: 5/5
   579 | D:1      | Reached skill level 4 in Maces & Flails
  1214 | D:1      | Reached XP level 3. HP: 16/36 MP: 6/6
  1498 | D:1      | Learned a level 3 spell: Spectral Weapon
  1502 | D:1      | Learned a level 3 spell: Regeneration
  1646 | D:3      | Noticed Bloax's ghost (average MiFi)
  1866 | D:1      | Reached XP level 4. HP: 44/44 MP: 9/9
  2177 | D:3      | Noticed Jessica
  2182 | D:3      | Killed Jessica
  2337 | D:3      | Found a glowing golden altar of the Shining One.
  2383 | D:5      | Entered Level 5 of the Dungeon
  2410 | D:5      | Reached XP level 5. HP: 43/50 MP: 11/11
  2568 | D:5      | Reached XP level 6. HP: 37/59 MP: 7/12
  2638 | D:5      | Found Rean's Armour Boutique.
  2718 | D:5      | Found a sand-covered staircase.
  2740 | Ossuary  | Entered an ossuary
  3006 | Ossuary  | Gained mutation: You have a pair of small antennae on your head. [potion of mutation]
  3006 | Ossuary  | Gained mutation: You are partially covered in rugged brown scales (AC +1, +3% HP). [potion of mutation]
  3006 | Ossuary  | Gained mutation: You are agile. (Dex +2) [potion of mutation]
  3018 | Ossuary  | Reached skill level 5 in Maces & Flails
  3036 | Ossuary  | Reached skill level 6 in Maces & Flails
  3107 | Ossuary  | Reached XP level 7. HP: 51/67 MP: 0/14
  3160 | Ossuary  | Reached skill level 7 in Maces & Flails
  3300 | Ossuary  | Reached skill level 8 in Maces & Flails
  3347 | Ossuary  | Reached skill level 9 in Maces & Flails
  3351 | Ossuary  | Reached XP level 8. HP: 63/76 MP: 2/16
  3421 | Ossuary  | Reached skill level 10 in Maces & Flails
  3585 | D:4      | Noticed a giant frog
  3592 | D:4      | Killed a giant frog
  3701 | D:4      | Noticed Amnesiac's ghost (weakling OgEn)
  3714 | D:4      | Killed Amnesiac's ghost
  3869 | D:4      | Noticed an ogre
  3888 | D:4      | Killed an ogre
  3888 | D:4      | Reached skill level 11 in Maces & Flails
  3959 | D:3      | Found a blossoming altar of Fedhas.
  3998 | D:4      | Found a stormy altar of Qazlal.
  4180 | D:4      | Found an ancient bone altar of Kikubaaqudgha.
  4404 | D:5      | Noticed a giant frog
  4408 | D:5      | Killed a giant frog
  4473 | D:5      | Reached skill level 12 in Maces & Flails
  4812 | D:6      | Reached XP level 9. HP: 75/82 MP: 14/17
  4993 | D:6      | Found a viscous altar of Jiyva.
  5046 | D:6      | Became a worshipper of Jiyva Jeasefed the Shapeless
  5183 | D:5      | Acquired Jiyva's first power
  5505 | D:3      | Killed Bloax's ghost
  5505 | D:3      | Reached skill level 13 in Maces & Flails
  5598 | D:3      | Acquired Jiyva's second power
  5892 | D:3      | Found a snail-covered altar of Cheibriados.
  6508 | D:2      | Gained mutation: You are robust (+10% HP). [Jiyva's grace]
  6808 | D:5      | Acquired Jiyva's third power
  7037 | D:7      | Gained mutation: You are somewhat resistant to further mutation. [Jiyva's grace]
  7051 | D:7      | Found a staircase to the Ecumenical Temple.
  7061 | D:7      | Noticed Eustachio
  7071 | D:7      | Killed Eustachio
  7071 | D:7      | Reached skill level 14 in Maces & Flails
  7109 | D:7      | Noticed Menkaure
  7123 | D:7      | Killed Menkaure
  7207 | D:7      | Killed Prince Ribbit
  7331 | D:7      | Acquired Jiyva's fourth power
  7351 | D:7      | Lost mutation: You are agile. (Dex +2) [Jiyva's grace]
  7687 | D:8      | Reached skill level 15 in Maces & Flails
  7806 | D:8      | Found a deep blue altar of Sif Muna.
  7864 | D:8      | Gained mutation: Your vision is a little blurry. [Jiyva's grace]
  7882 | D:8      | Found an iron altar of Okawaru.
  7882 | D:8      | Found a white marble altar of Elyvilon.
  8131 | D:8      | Reached XP level 10. HP: 46/99 MP: 3/18
  8434 | D:9      | Reached skill level 16 in Maces & Flails
  8455 | D:9      | Lost mutation: Your vision is a little blurry. [Jiyva's grace]
  8604 | D:9      | Found a staircase to the Lair.
  8607 | D:9      | Gained mutation: You have an increased reservoir of magic (+10% MP). [Jiyva's grace]
  8703 | D:9      | Identified the Catalogue of Air and Moulding
  8946 | D:9      | Reached skill level 17 in Maces & Flails
  9194 | Lair:1   | Entered Level 1 of the Lair of Beasts
  9219 | Lair:1   | Noticed a black mamba
  9226 | Lair:1   | Killed a black mamba
  9999 | Lair:1   | Reached skill level 18 in Maces & Flails
 10331 | D:10     | Entered Level 10 of the Dungeon
 10350 | D:10     | Noticed a hill giant
 10354 | D:10     | Killed a hill giant
 10354 | D:10     | Reached XP level 11. HP: 105/108 MP: 13/22
 10559 | D:10     | Reached skill level 19 in Maces & Flails
 10950 | D:10     | Noticed a silver statue
 10972 | D:10     | Killed a silver statue
 10991 | D:10     | HP: 5/108 [poisoned by an orange demon]
 10996 | D:10     | HP: 3/108 [poisoned by an orange demon]
 11001 | D:10     | HP: 5/108 [poisoned by an orange demon]
 11009 | D:10     | HP: 5/108 [poisoned by an orange demon]
 11017 | D:10     | HP: 5/108 [poisoned by an orange demon]
 11292 | D:10     | Gained mutation: Your rubbery body absorbs attacks (AC +1). [Jiyva's grace]
 11529 | D:11     | Found Kutaogg's Armour Boutique.
 11531 | D:11     | Found a staircase to the Orcish Mines.
 11624 | D:11     | Gained mutation: You have a slow metabolism. [Jiyva's grace]
 11630 | D:11     | Lost mutation: Your rubbery body absorbs attacks (AC +1). [Jiyva's grace]
 11660 | D:11     | Noticed Erica
 11687 | D:11     | HP: 5/108 [something (3)]
 11688 | D:11     | Killed from afar by Erica

Action                   |  1- 3 |  4- 6 |  7- 9 | 10-12 || total
-------------------------+-------+-------+-------+-------++-------
Melee: Mace              |    69 |       |     5 |       ||    74
       Dagger            |    23 |    95 |   133 |       ||   251
       Giant club        |       |       |   397 |   299 ||   696
       Dire flail        |       |       |       |     3 ||     3
 Cast: Spectral Weapon   |       |     5 |    28 |    18 ||    51
       Infusion          |       |     1 |       |     1 ||     2
       Regeneration      |       |       |       |     1 ||     1
Invok: Request Jelly     |       |       |     4 |     2 ||     6
Evoke: Wand              |       |       |       |     3 ||     3
  Use: Potion            |     1 |     1 |       |     2 ||     4
       Scroll            |       |    12 |     4 |       ||    16
 Stab: Sleeping          |       |     1 |     6 |     3 ||    10
       Distracted        |       |       |     1 |       ||     1
